 Dungeon Crawl Stone Soup version 0.21-a0-414-gba8bdf1 (webtiles) character file.

7 karf the Digger (level 2, 19/19 HPs)
             Began as a Formicid Earth Elementalist on Nov 2, 2017.
             Got out of the dungeon alive.
             The game lasted 00:01:48 (381 turns).

karf the Digger (Formicid Earth Elementalist)        Turns: 381, Time: 00:01:50

Health: 19/19      AC:  2    Str: 12    XL:     2   Next: 5%
Magic:  5/5        EV: 12    Int: 14    God:
Gold:   14         SH:  0    Dex: 11    Spells: 4/5 levels left

rFire    . . .     SeeInvis +   f - +0 hand axe
rCold    . . .     Gourm    .   (no shield)
rNeg     . . .     Faith    .   c - +0 robe
rPois    .         Spirit   .   (helmet unavailable)
rElec    .         Reflect  .   (no cloak)
rCorr    .         Harm     .   (no gloves)
MR       .....                  (no boots)
Stlth    ++........             (no amulet)
HPRegen  0.06/turn              (no ring)
MPRegen  0.09/turn              (no ring)

@: no status effects
A: permanent stasis, dig shafts and tunnels, four strong arms, antennae 3
a: Dig, Shaft Self


You escaped.
You were not hungry.

You visited 1 branch of the dungeon, and saw 1 of its levels.

You collected 14 gold pieces.

Inventory:

Hand Weapons
 f - a +0 hand axe (weapon)
Missiles
 b - 23 stones (quivered)
Armour
 c - a +0 robe (worn)
Potions
 a - a potion of magic {unknown}
Books
 e - a book of Geomancy

   Spells                             Type                      Level
   a - Sandblast                      Earth                        1
   b - Passwall                       Transmutation/Earth          2
   c - Stone Arrow                    Conjuration/Earth            3
   d - Petrify                        Transmutation/Earth          4
   e - Lee's Rapid Deconstruction     Earth                        5
Comestibles
 d - a bread ration


   Skills:
 - Level 1.8 Dodging
 - Level 2.5 Stealth
 + Level 2.3 Spellcasting
   Level 1.1 Transmutations
 * Level 3.9 Earth Magic


You had 4 spell levels left.
You knew the following spells:

 Your Spells              Type           Power        Failure   Level  Hunger
a - Sandblast             Erth           ##....       4%          1    #......


Dungeon Overview and Level Annotations

Branches:
Dungeon (1/15)

Altars:


Innate Abilities, Weirdness & Mutations

You cannot be hasted, slowed, berserked, paralysed or teleported.
You can dig through walls and to a lower floor.
Your four strong arms can wield two-handed weapons with a shield.
You have a pair of large antennae on your head. (SInv)


Message History

You hit the rat.
You kill the rat!
Found a plate armour.
You start resting.
Magic restored.
Found a stone staircase leading down.
You see here a plate armour.
Unknown command.
Saving game... please wait.
Welcome back, karf the Formicid Earth Elementalist.
Press ? for a list of commands and other information.
(D) Dungeon
Where to? (? - help)
Okay, then.
You see here a leopard gecko corpse.
There is a staircase leading out of the dungeon here.
Are you sure you want to leave the Dungeon?
This will make you lose the game!
Uppercase [Y]es or [N]o only, please.
Are you sure you want to leave the Dungeon?
This will make you lose the game!
You have escaped!

###### #####....##
##...@.....##
##...........#
#..#######...#
#..#..÷..#...#
#..#÷≈≈≈.#...#
########..#.≈X≈.#...#
..........#÷≈≈≈.#...#
#######.).#.....#...#######
####...#######..........{


You could see a neutral kraken (wandering).

Vanquished Creatures
  A leopard gecko (D:1)
  2 hobgoblins (D:1)
  A bat (D:1)
  2 rats (D:1)
6 creatures vanquished.

Vanquished Creatures (others)
  A draconian (D:1)
  An octopode (D:1)
  A gargoyle (D:1)
  A vampire (D:1)
  A spriggan (D:1)
  A naga (D:1)
  A dwarf (D:1)
  A centaur (D:1)
  A mummy (D:1)
  An orc (D:1)
  2 kobolds (D:1)
  6 tentacles (D:1)
18 creatures vanquished.

Grand Total: 24 creatures vanquished

Notes
Turn   | Place    | Note
-------+----------+-------------------------------------------
     0 | D:1      | karf the Formicid Earth Elementalist began the quest for the Orb.
     0 | D:1      | Reached XP level 1. HP: 13/13 MP: 3/3
     0 | D:1      | Noticed a draconian
     0 | D:1      | Noticed a vampire
     0 | D:1      | Noticed a naga
     0 | D:1      | Noticed a kraken
     0 | D:1      | Noticed a spriggan
     0 | D:1      | Noticed an octopode
     0 | D:1      | Noticed a centaur
     0 | D:1      | Noticed a gargoyle
     0 | D:1      | Noticed a dwarf
     4 | D:1      | Killed an octopode
     5 | D:1      | Killed a centaur
     5 | D:1      | Killed a dwarf
     7 | D:1      | Killed a gargoyle
     8 | D:1      | Killed a naga
     9 | D:1      | Killed a spriggan
    11 | D:1      | Killed a vampire
    13 | D:1      | Killed a draconian
   313 | D:1      | Reached XP level 2. HP: 19/19 MP: 3/5
   381 | D:$      | Got out of the dungeon alive.

Vault maps used:
D:1:      nicolae_arrival_kraken_aquarium_a, hangedman_decor_lopped,
          hangedman_decor_clover_reticule

Action                   || total
-------------------------++-------
Melee: Unarmed           ||    10
       Hand axe          ||     3
 Cast: Sandblast         ||     7
Armor: Robe              ||     2
Dodge: Dodged            ||     9

Table legend:
 A = Spawn XP
 B = Non-spawn XP
 C = Spawn XP percentage of total XP
 D = Spawn monster count
 E = Non-spawn monster count
 F = Spawn count percentage of total count
 G = Total turns spent on level
                    A         B        C        D         E        F      G
               +---------+---------+-------+---------+---------+-------+---------
         Total |       0 |      10 |   0.0 |       0 |       6 |   0.0 |   381
               +---------+---------+-------+---------+---------+-------+---------
           D:1 |       0 |      10 |   0.0 |       0 |       6 |   0.0 |   381
               +---------+---------+-------+---------+---------+-------+---------
